 Dungeon Crawl Stone Soup version 0.31-a0-1074-g0b22e4e0f1 (webtiles) character file.

Game seed: 16385565195235170786

79 Jeffwins the Shooter (level 4, -1/21 HPs)
             Began as a Vine Stalker Hexslinger on Dec 6, 2023.
             Killed from afar by Crazy Yiuf (8 damage)
             ... with a puff of flame
             ... on level 2 of the Dungeon.
             The game lasted 00:02:10 (1325 turns).

Jeffwins the Shooter (Vine Stalker Hexslinger)      Turns: 1325, Time: 00:02:10

Health: -1/21      AC:  2    Str: 16    XL:     4   Next: 38%
Magic:  0/6        EV: 12    Int: 15    God:
Gold:   75         SH:  0    Dex: 17    Spells: 1/5 levels left

rFire   . . .        b - +1 short sword (venom)
rCold   . . .        (no shield)
rNeg    . . .        c - +0 robe
rPois   .            f - melded +0 helmet
rElec   .            (cloak currently unavailable)
rCorr   .            (gloves currently unavailable)
SInv    +            (boots currently unavailable)
Will    .....        (no amulet)
Stlth   ++           v - ring of see invisible
HPRegen 1.03/turn    S - +6 ring of strength
MPRegen 0.10/turn

%: guardian spirit
@: beast-form
A: beast (slay +0), fangs 2, regeneration 1, magic shield, antimagic bite, no
potion heal 2
a: Begin Untransformation


You were on level 2 of the Dungeon.
You were a hulking beast.
You visited 1 branch of the dungeon, and saw 2 of its levels.

You collected 75 gold pieces.


Innate Abilities, Weirdness & Mutations

You are a hulking beast.
Your limbs bulge with bestial killing power. (Slay +0)
You have extremely sharp teeth.
Your natural rate of healing is unusually fast.
When hurt, damage is shared between your health and your magic reserves.
Your bite disrupts and absorbs the magic of your enemies.
Potions cannot restore your health.


   Skills:
 - Level 0.8 Fighting
 + Level 3.6 Ranged Weapons
 - Level 1.5 Dodging
 - Level 1.1 Spellcasting
 + Level 3.1 Hexes
 + Level 0.2 Translocations
 - Level 1.0 Fire Magic
 + Level 1.2 Shapeshifting


You had one spell level left.
You knew the following spells:

 Your Spells              Type           Power      Damage    Failure   Level
X - Dimensional Bullseye  Hex/Tloc       2%         N/A       77%         4

Your spell library contained the following spells:

 Spells                   Type           Power      Damage    Failure   Level
 Jinxbite                 Hex            20%        N/A       11%         2
 Sigil of Binding         Hex            10%        N/A       21%         3
 Inner Flame              Hex/Fire       6%         N/A       32%         3
 Cause Fear               Hex            5%         N/A       56%         4

Inventory:

Hand Weapons
 a - a +1 sling
 b - a +1 short sword of venom (weapon)
Armour
 c - a +0 robe (worn)
 f - a +0 helmet (melded)
 o - an orb of wrath
 t - a +0 pair of boots
 w - a +0 pair of gloves
Jewellery
 v - a ring of see invisible (left hand)
 S - a +6 ring of strength (right hand)
Talismans
 k - a beast talisman (active)
Scrolls
 d - 2 scrolls of noise {unknown}
 e - a scroll of enchant armour {unknown}
 g - a scroll of poison {!r}
 h - a scroll of identify {unknown}
 l - a scroll of amnesia {unknown}
 r - a scroll of blinking {unknown}
 s - a scroll of fear {unknown}
Potions
 i - a potion of curing {unknown}
 j - a potion of mutation {unknown}
 m - a potion of attraction {unknown}
 n - a potion of enlightenment {unknown}
 p - a potion of magic {unknown}
 q - a potion of heal wounds {unknown}
 u - a potion of might {unknown}

Dungeon Overview and Level Annotations

Branches:
Dungeon (2/15)

Altars:

Shops:
D:2 *

Annotations:
D:2 Crazy Yiuf

#..............##....###.........
.).#)#.....#...##....# #.........
.).#.#.....#...##....# #.........
..)#.#...############# ##........
...#.#...# #........ ...#.....#
♣♣♣♣♣##......). ...###.#.# ▒▒▒
♣♣♣.♣..#......... .).......#
▒...▒♣..♣.PP.......... .........#
▒...gh♣♣♣♣......###### ......#..#
▒)..▒♣♣ ♣♣P#..## .........# ▒▒▒
♣♣#### .........# #########
....<..#.# #.......# .......#.#
########### #.......#
.......#.####....#....# #.......#
.................#....# #.......#
..####.#.##...####....# #.......#


You could see Crazy Yiuf.


Message History

Unknown command.
You open the door.
Crazy Yiuf shouts!
Crazy Yiuf zaps a wand.
The puff of flame hits you.
Press: ? - help, v - describe, . - travel
Here: Crazy Yiuf, wielding a +4 quarterstaff of chaos, wearing a +0 cloak and carrying a wand of flame The floor.
Okay, then.
Okay, then.
Okay, then.
You shoot a sling bullet. The sling bullet hits Crazy Yiuf.
Crazy Yiuf is lightly wounded.
You shoot a sling bullet.
The sling bullet barely misses Crazy Yiuf.
You shoot a sling bullet.
The sling bullet completely misses Crazy Yiuf.
Crazy Yiuf yells, "Shower!"
Crazy Yiuf zaps a wand.
The puff of flame hits you!
Okay, then.
You shoot a sling bullet.
The sling bullet hits Crazy Yiuf but does no damage.
Crazy Yiuf is lightly wounded.
Crazy Yiuf hits you with a +4 quarterstaff of chaos!
* * * LOW HITPOINT WARNING * * *
Your +1 short sword of venom begins to drip with poison!
b - a +1 short sword of venom (weapon)
You barely miss Crazy Yiuf.
Crazy Yiuf is lightly wounded.
Crazy Yiuf zaps a wand.
The puff of flame hits you!
You die...

Skill      XL: |  1  2  3 |
---------------+----------+-----
Ranged Weapons | 2 3 |  3.6
Shapeshifting  | 1 |  1.2
Fighting       | |  0.8
Dodging        | |  1.5
Spellcasting   | |  1.1
Hexes          | |  3.1
Translocations | |  0.2
Fire Magic     | |  1.0

Action                     |  1- 3 |  4- 6 || total
---------------------------+-------+-------++-------
  Melee: Short sword       |       |     1 ||     1
   Fire: Sling             |    95 |    33 ||   128
 Armour: Robe              |    10 |     6 ||    16
  Dodge: Dodged            |    28 |     4 ||    32
   Form: Beast             |     1 |       ||     1

Levels and vault maps discovered:
D:1:      onia_arrival_pyramid, layout_basic,
          shapermc_ecumenical_altar_notcrosses
D:2:      layout_basic, serial_shops, shop, uniq_crazy_yiuf_cottage

Notes
Turn   | Place    | Note
-------+----------+-------------------------------------------
     0 | D:1      | Jeffwins the Vine Stalker Hexslinger began the quest for
                  | the Orb.
     0 | D:1      | Reached XP level 1. HP: 9/9 MP: 3/3
    13 | D:1      | Reached skill level 2 in Ranged Weapons
    82 | D:1      | Reached XP level 2. HP: 14/14 MP: 1/4
   196 | D:1      | Reached skill level 3 in Ranged Weapons
   284 | D:1      | Reached XP level 3. HP: 17/17 MP: 5/5
   293 | D:1      | Found a faded altar of an unknown god.
   519 | D:2      | Found Sopeis's General Store.
   658 | D:2      | Found a runed translucent door.
   659 | D:2      | Noticed Crazy Yiuf
   741 | D:2      | Reached skill level 1 in Shapeshifting
   741 | D:2      | Reached XP level 4. HP: 14/21 MP: 4/6
   770 | D:2      | Learned a level 4 spell: Dimensional Bullseye
  1325 | D:2      | Killed from afar by Crazy Yiuf

Vanquished Creatures
  2 adders (D:2)
  A worm (D:2)
  A dart slug (D:1)
  7 ball pythons
  6 bats
  3 endoplasms
  3 giant cockroaches
  5 hobgoblins
  3 jackals (D:2)
  A quokka (D:1)
  4 frilled lizards
  6 goblins
  7 kobolds
  4 rats
53 creatures vanquished.

Table legend: (Time is in decaauts)
 A = Elapsed time spent in this place.
 B = Non-inter-level travel time spent in this place.
 C = Inter-level travel time spent in this place.
 D = Time resting spent in this place.
 E = Time spent auto-exploring this place.
 F = Levels seen in this place.
 G = Mean time per level.
                   A        B        C        D        E       F      G
               +--------+--------+--------+--------+--------+-----+--------+
         Total |   1356 |   1340 |     16 |      0 |   1048 |   2 |  678.0 |
       Dungeon |   1356 |   1340 |     16 |      0 |   1048 |   2 |  678.0 |
               +--------+--------+--------+--------+--------+-----+--------+

Top non-repeatable levels by time:
     D:2: 867 daAuts
     D:1: 489 daAuts

Table legend:
 A = Non-vault XP
 B = Vault XP
 C = Vault XP percentage of total XP
 D = Non-vault monster count
 E = Vault monster count
 F = Vault count percentage of total count
                 A         B        C        D         E       F
            +---------+---------+-------+---------+---------+-------
      Total |     114 |       0 |   0.0 |      53 |       0 |   0.0
            +---------+---------+-------+---------+---------+-------
        D:1 |      44 |       0 |   0.0 |      27 |       0 |   0.0
        D:2 |      70 |       0 |   0.0 |      26 |       0 |   0.0
            +---------+---------+-------+---------+---------+-------
